 Dungeon Crawl Stone Soup version 0.29.0-4-gdea44cf6ec (webtiles) character file.

Game seed: 3786639980062586926

21 qw the Chopper (level 3, 0/29 HPs)
             Began as a Formicid Cinder Acolyte on Sept 3, 2022.
             Was a High Priest of Ignis.
             Succumbed to their own poison gas
             ... on level 1 of the Dungeon.
             The game lasted 00:00:27 (1425 turns).

qw the Chopper (Formicid Cinder Acolyte)            Turns: 1425, Time: 00:00:28

Health: 0/29       AC:  5    Str: 20    XL:     3   Next: 5%
Magic:  4/4        EV: 10    Int: 13    God:    Ignis [*****.]
Gold:   28         SH:  0    Dex:  9    Spells: 4/4 levels left

rFire   + . .      SeeInvis +   Y - -1 hand axe (flame)
rCold   . . .      Faith    .   (no shield)
rNeg    . . .      Spirit   .   f - +0 ring mail
rPois   .          Reflect  .   (helmet unavailable)
rElec   .          Harm     .   (no cloak)
rCorr   .          Rampage  .   (no gloves)
Will    .....                   (no boots)
Stlth   ..........              (no amulet)
HPRegen 0.09/turn               (no ring)
MPRegen 0.09/turn               (no ring)

@: lethally poisoned (0 -> -1)
A: permanent stasis, dig shafts and tunnels, antennae 3, four strong arms
a: Dig, Shaft Self, Renounce Religion, Fiery Armour, Foxfire Swarm, Rising Flame


You were on level 1 of the Dungeon.
You worshipped Ignis.
Ignis was extremely pleased with you.
You visited 1 branch of the dungeon, and saw 1 of its levels.

You collected 28 gold pieces.


Innate Abilities, Weirdness & Mutations

You cannot be hasted, slowed, berserked, paralysed or teleported.
You can dig through walls and to a lower floor.
You have a pair of large antennae on your head. (SInv)
Your four strong arms can wield two-handed weapons with a shield.


   Skills:
 - Level 3.2 Fighting
 - Level 4.0 Axes
 + Level 0.0 Armour
 - Level 0.1 Dodging
 - Level 1.1 Spellcasting
 - Level 3.0 Fire Magic


You had 4 spell levels left.
You didn't know any spells.
Your spell library contained the following spells:

 Spells                   Type           Power      Damage    Failure   Level
 Scorch                   Fire           16%        2d6       22%         2

Inventory:

Hand Weapons
 Y - a -1 hand axe of flaming (weapon)
Armour
 f - a +0 ring mail (worn)
Jewellery
 i - a ring of fire
Potions
 c - a potion of curing {unknown}
 d - a potion of haste {unknown}

Dungeon Overview and Level Annotations

Branches:
Dungeon (1/15)

Altars:


Message History

It is a scroll of identify.
Really abort (and waste the scroll)?
Done exploring.
1413 ||| READING scroll labelled PIG ARIOJ WAKH.
The air fills with toxic fumes!
As you read the scroll labelled PIG ARIOJ WAKH, it crumbles to dust.
It was a scroll of poison.
Done exploring.
(D) Dungeon
Where to? (* - list waypoints, ? - help)
What level of the Dungeon? (default 1, ? - help) Sorry, I don't know how to get there.
Done exploring.
1414 ||| Stepping randomly (stuck).
Really walk into that cloud of poison gas?
You are engulfed in poison gas.
You are poisoned.
You feel very sick.
1415 ||| Stepping ~*~*~tactically~*~*~ (cloud).
You feel very sick.
You see here a +0 robe.
There is a lethal amount of poison in your body!
You feel very sick.
There is a lethal amount of poison in your body!
You feel sick.
There is a lethal amount of poison in your body!
You feel sick.
There is a lethal amount of poison in your body!
You feel sick.
There is a lethal amount of poison in your body!
You feel sick.
There is a lethal amount of poison in your body!
You feel sick.
There is a lethal amount of poison in your body!
You feel sick.
There is a lethal amount of poison in your body!
You feel sick.
There is a lethal amount of poison in your body!
You feel sick.
There is a lethal amount of poison in your body!
You die...

...#..###.###.###.###.#)..#.##...
...###.###.##.##.###.##...#..+...
...+###.##.##.##.##.###..#####...
...#.###.##.#.#.##.###.#.........
....#.###.#.#.#.#.###.#########..
.(#.##..##¤##¤##.##..## #..
..#.####..#0000.#..### #..
..#.#######00¤00######## #..
..#........0.¤.0@00.¤¤0# #..
#.#.#######0¤.00###############..
#>#.####..#0¤¤0.#..### #......#.#
....##..##¤##.##.##..###......#.#
...##.###.#.#.#.#.###.##......#.#
...#.###.##)#.#.##.###.#####..#.#
###.###.##.##.##.##.###.........#
######.###.##.##.###.###........#
....#.###.###.###.###...........#


There were no monsters in sight!

Vanquished Creatures
  4 bats (D:1)
  3 goblins (D:1)
  5 jackals (D:1)
  5 kobolds (D:1)
17 creatures vanquished.

Notes
Turn   | Place    | Note
-------+----------+-------------------------------------------
     0 | D:1      | qw the Formicid Cinder Acolyte began the quest for the Orb.
     0 | D:1      | Reached XP level 1. HP: 18/18 MP: 2/2
     0 | D:1      | 0 ||| qw: Version: 0.1-a-100-g36b9a1f
     0 | D:1      | 0 ||| qw: Game counter: 5051
     0 | D:1      | 0 ||| qw: Always use a shield: true
     0 | D:1      | 0 ||| qw: God list: Okawaru
     0 | D:1      | 0 ||| qw: Allow faded altars: false
     0 | D:1      | 0 ||| qw: Do Orc after D:15 true
     0 | D:1      | 0 ||| qw: Do second Lair branch before Depths: true
     0 | D:1      | 0 ||| qw: Lair rune preference: random
     0 | D:1      | 0 ||| qw: Plans: Normal
     0 | D:1      | 0 ||| PLANNING D:1-11
   222 | D:1      | Reached XP level 2. HP: 24/24 MP: 3/3
   439 | D:1      | 439 ||| Stepping ~*~*~tactically~*~*~ (stealth).
  1244 | D:1      | Reached skill level 4 in Axes
  1244 | D:1      | Reached XP level 3. HP: 29/29 MP: 4/4
  1400 | D:1      | 1400 ||| UPGRADING to +0 ring mail.
  1410 | D:1      | 1410 ||| DROPPING +0 robe.
  1411 | D:1      | 1411 ||| READING scroll labelled TEGELILOUL.
  1412 | D:1      | 1412 ||| READING scroll labelled EBEOTW VURIX.
  1413 | D:1      | 1413 ||| READING scroll labelled PIG ARIOJ WAKH.
  1414 | D:1      | 1414 ||| Stepping randomly (stuck).
  1415 | D:1      | 1415 ||| Stepping ~*~*~tactically~*~*~ (cloud).
  1418 | D:1      | HP: 7/29 [poisoned by you (poison gas)]
  1421 | D:1      | HP: 3/29 [poisoned by you (poison gas)]
  1424 | D:1      | HP: 1/29 [poisoned by you (poison gas)]
  1425 | D:1      | Succumbed to their own poison gas

Levels and vault maps discovered:
D:1:      spicycebolla_arrival_xxxplode, layout_basic

Skill      XL: |  1  2 |
---------------+-------+-----
Axes           | 4 |  4.0
Fighting       | |  3.2
Dodging        | |  0.1
Spellcasting   | |  1.1
Fire Magic     | |  3.0

Action                   || total
-------------------------++-------
Melee: Hand axe          ||    50
  Use: Scroll            ||     3
Armor: Robe              ||    16
Dodge: Dodged            ||    26

Table legend:
 A = Non-vault XP
 B = Vault XP
 C = Vault XP percentage of total XP
 D = Non-vault monster count
 E = Vault monster count
 F = Vault count percentage of total count
                 A         B        C        D         E       F
            +---------+---------+-------+---------+---------+-------
      Total |      31 |       0 |   0.0 |      17 |       0 |   0.0
            +---------+---------+-------+---------+---------+-------
        D:1 |      31 |       0 |   0.0 |      17 |       0 |   0.0
            +---------+---------+-------+---------+---------+-------
